 Dungeon Crawl Stone Soup version 0.27.1-1-g398f81649c (webtiles) character file.

Game seed: 11419335206454231478

2221 calewdscratch the Zephyrmancer (level 9, -8/50 HPs)
             Began as a Tengu Air Elementalist on Sept 1, 2021.
             Was an Initiate of Vehumet.
             Shot with an arrow by a centaur (9 damage)
             ... on level 7 of the Dungeon on Sept 7, 2021.
             The game lasted 02:06:25 (11252 turns).

calewdscratch the Zephyrmancer (TeAE)              Turns: 11252, Time: 02:06:26

Health: -8/50      AC:  4    Str:  9    XL:     9   Next: 35%
Magic:  14/17      EV: 16    Int: 18    God:    Vehumet [......]
Gold:   211        SH:  5    Dex: 15    Spells: 8/18 levels left

rFire    + + .     SeeInvis .   p - +2 falchion (elec)
rCold    . . .     Faith    .   (no shield)
rNeg     . . .     Spirit   .   j - +2 robe {rC+ rF+}
rPois    .         Reflect  +   (helmet restricted)
rElec    .         Harm     .   (no cloak)
rCorr    .         Rampage  .   (no gloves)
Will     .....                  (boots unavailable)
Stlth    ++........             n - amulet of reflection
HPRegen  0.16/turn              E - ring of fire
MPRegen  0.15/turn              (no ring)

@: flying quickly and evasively, quick
A: beak, talons 3, nimble flight
a: Renounce Religion


You were on level 7 of the Dungeon.
You worshipped Vehumet.
Vehumet was noncommittal.
You visited 2 branches of the dungeon, and saw 8 of its levels.

You collected 307 gold pieces.
You spent 96 gold pieces at shops.

Inventory:

Hand Weapons
 p - a +2 falchion of electrocution (weapon)
 s - a +3 dagger
 w - a +2 dagger of electrocution
 y - a +0 shortbow
Missiles
 h - 10 poisoned darts
 z - 40 arrows
Armour
 j - a +2 robe of resistance (worn)
 r - a +0 leather armour
Magical Staves
 c - a staff of earth
Jewellery
 n - an amulet of reflection (around neck)
 E - a ring of fire (left hand)
Wands
 e - a wand of mindburst (10)
 x - a wand of iceblast (9)
Scrolls
 a - a scroll of brand weapon {unknown}
 b - 2 scrolls of amnesia
 d - a scroll of torment {unknown}
 k - a scroll of fog {unknown}
 m - a scroll of enchant weapon {unknown}
 C - a scroll of vulnerability {unknown}
 D - a scroll of immolation {unknown}
Potions
 g - 3 potions of heal wounds
 i - 3 potions of lignification
 l - 6 potions of curing
 o - a potion of resistance {unknown}
 q - 2 potions of haste
 t - a potion of flight {unknown}
 u - 2 potions of attraction
 v - a potion of berserk rage {unknown}
 A - a potion of cancellation {unknown}
 B - a potion of might {unknown}


   Skills:
 - Level 3.0 Fighting
 + Level 5.3 Long Blades
 - Level 0.5 Bows
 * Level 4.6 Dodging
 - Level 2.6 Stealth
 + Level 5.2 Spellcasting
 - Level 6.0 Conjurations
 * Level 0.7 Necromancy
 + Level 0.3 Fire Magic
 - Level 8.0 Air Magic
 - Level 3.3 Evocations


You had 8 spell levels left.
You knew the following spells:

 Your Spells              Type           Power      Damage    Failure   Level
a - Shock                 Conj/Air       100%       1d9       1%          1
b - Static Discharge      Conj/Air       29%        N/A       1%          2
c - Swiftness             Air            33%        N/A       1%          3
d - Airstrike             Air            16%        N/A       4%          4

Your spell library contained the following spells:

 Spells                   Type           Power      Damage    Failure   Level
 Animate Dead             Necr           3%         N/A       67%         4
 Borgnjor's Vile Clutch   Necr/Erth      3%         N/A       97%         5
 Death Channel            Necr           3%         N/A       100%        6


Dungeon Overview and Level Annotations

Branches:
Dungeon (7/15)             Temple (1/1) D:5

Altars:
Cheibriados
Dithmenos
Fedhas
Hepliaklqana
Kikubaaqudgha
Makhleb
Nemelex Xobeh
Qazlal
Ru
Sif Muna
Trog
Uskayaw
Vehumet
Wu Jian
Xom
Zin
The Shining One
Lugonu

Shops:
D:7 ?


Innate Abilities, Weirdness & Mutations

You have a beak for a mouth.
You have claws for feet.
Your magical nature lets you fly swiftly and evasively.


Message History

You hear a zap.
Some rock shatters into small pieces.
Training target 6.0 for Conjurations reached!
Your Conjurations skill increases to level 6!
Found an escape hatch in the floor.
A centaur comes into view. It is carrying a wand of digging (5).
The centaur wields a +0 shortbow.
The centaur shoots an arrow.
The arrow closely misses you.
The centaur moves out of view.
The centaur shoots an arrow.
The arrow barely misses you.
The centaur wields a +0 shortbow.
The centaur shoots an arrow.
The arrow barely misses you.
The centaur wields a +0 shortbow.
The centaur shoots an arrow.
The arrow hits you!
The centaur shoots an arrow.
You reflect the arrow off an invisible shield around you!
The arrow hits the centaur.
You kill the centaur!
Vehumet accepts your kill.
Training target 8.0 for Air Magic reached!
Your Air Magic skill increases to level 8!
The centaur shoots an arrow.
The arrow barely misses you.
The centaur shoots an arrow.
The arrow hits you!
The centaur shoots an arrow.
You reflect the arrow off an invisible shield around you!
The arrow hits the centaur.
The centaur shoots an arrow.
The arrow hits you!
The centaur shoots an arrow.
You reflect the arrow off an invisible shield around you!
The arrow barely misses the centaur.
The centaur shoots an arrow.
The arrow misses you.
The centaur shoots an arrow.
The arrow hits you.
* * * LOW HITPOINT WARNING * * *
The centaur shoots an arrow.
The arrow hits you!
* * * LOW HITPOINT WARNING * * *
You hear a zap.
You hear a grinding noise.
The centaur shoots an arrow.
You reflect the arrow off an invisible shield around you!
The arrow hits the centaur!
The centaur shoots an arrow.
The arrow hits you.
* * * LOW HITPOINT WARNING * * *
The centaur zaps a wand.
You hear a grinding noise.
The centaur shoots an arrow.
The arrow hits you!
You die...

≈≈≈≈≈≈.)..#.c..≈≈
≈≈≈≈≈≈)c#>##...≈≈≈#
≈≈≈≈≈≈≈c...##..≈≈≈# #
≈≈≈≈≈≈≈.c..##.≈≈≈≈ .#
#≈≈≈≈≈≈c#..#.≈≈≈≈#######.#
###≈≈≈≈≈..≈≈≈≈≈≈.........#
##≈≈≈≈≈≈≈≈≈≈≈..........#
....#≈≈≈≈≈≈...........# #
###.###.@###...∩......###
#...................#≈≈
###########.........###
#............
#............
#............
#............
#########.... #....


You could see 4 centaurs.

Vanquished Creatures
  The ghost of Ekaitz the Stinger, an amateur DsVM of Yredelemnul (D:5)
  Duvessa (D:7)
  2 ice beasts (D:5)
  A sky beast (D:6)
  An ogre (D:3)
  A necrophage (D:5)
  4 centaurs
  3 scorpions
  A water moccasin zombie (D:5)
  Dowan (D:7)
  A water moccasin skeleton (D:6)
  A howler monkey (D:6)
  A bullfrog zombie (D:6)
  A centaur zombie (D:6)
  3 jellies
  5 hounds
  2 centaur skeletons
  2 water moccasin simulacra (D:5)
  4 iguanas
  Jessica (D:2)
  Terence (D:2)
  A bullfrog simulacrum (D:5)
  A hound zombie (D:5)
  A gnoll (D:1)
  6 adders
  2 hound simulacra (D:5)
  A shadow imp (D:7)
  A white imp (D:5)
  2 ufetubi (D:6)
  A worm (D:3)
  An adder simulacrum (D:5)
  12 orcs (D:3)
  9 ball pythons
  An endoplasm (D:2)
  5 giant cockroaches
  9 goblins
  4 hobgoblins
  5 jackals
  4 kobolds
  A quokka (D:3)
  5 bats
  2 frilled lizards (D:1)
  5 rats
117 creatures vanquished.

Vanquished Creatures (others)
  2 demonic plants (Temple)
2 creatures vanquished.

Grand Total: 119 creatures vanquished

Notes
Turn   | Place    | Note
-------+----------+-------------------------------------------
     0 | D:1      | calewdscratch the Tengu Air Elementalist began the quest
                  | for the Orb.
     0 | D:1      | Reached XP level 1. HP: 10/10 MP: 4/4
   260 | D:1      | Reached XP level 2. HP: 15/15 MP: 3/6
   617 | D:1      | Learned a level 2 spell: Static Discharge
   934 | D:1      | Reached XP level 3. HP: 12/19 MP: 1/7
  1279 | D:1      | Found a faded altar of an unknown god.
  1717 | D:2      | Noticed Jessica
  1725 | D:2      | Killed Jessica
  1726 | D:2      | Reached skill level 5 in Air Magic
  1726 | D:2      | Reached XP level 4. HP: 24/24 MP: 0/9
  1917 | D:2      | Noticed Terence
  2012 | D:2      | Learned a level 3 spell: Swiftness
  2301 | D:2      | Killed Terence
  2584 | D:3      | Found a burning altar of Makhleb.
  2821 | D:3      | Gained mutation: Your magical nature lets you fly swiftly
                  | and evasively. [Tengu growth]
  2821 | D:3      | Reached XP level 5. HP: 28/28 MP: 7/10
  3055 | D:3      | Found a bloodstained altar of Trog.
  4217 | D:4      | Upgraded the game from 0.27.1 to 0.27.1-1-g398f81649c
  4296 | D:4      | Noticed an ogre
  4368 | D:4      | Found a shadowy altar of Dithmenos.
  4899 | D:4      | Reached skill level 1 in Fighting
  4899 | D:4      | Reached XP level 6. HP: 32/34 MP: 5/12
  4989 | D:4      | Found a hazy altar of Hepliaklqana.
  5268 | D:3      | Learned a level 4 spell: Airstrike
  5281 | D:3      | Reached skill level 6 in Air Magic
  5718 | D:5      | Entered Level 5 of the Dungeon
  5793 | D:5      | Noticed a necrophage
  5913 | D:5      | Reached XP level 7. HP: 16/40 MP: 1/13
  6125 | D:5      | Found a staircase to the Ecumenical Temple.
  6235 | Temple   | Entered the Ecumenical Temple
  6741 | D:5      | Reached skill level 1 in Long Blades
  6741 | D:5      | Reached skill level 1 in Evocations
  7250 | D:5      | Reached XP level 8. HP: 16/46 MP: 12/15
  7611 | D:5      | Found a glowing golden altar of the Shining One.
  7869 | D:5      | Noticed Ekaitz's ghost (amateur DsVM)
  7903 | D:5      | Found a runed translucent gate.
  7903 | D:5      | Found a runed translucent gate.
  7903 | D:5      | Found a runed translucent gate.
  8502 | D:6      | Reached skill level 7 in Air Magic
  8647 | D:6      | Found a hide-covered altar of Uskayaw.
  8969 | D:6      | Found a shimmering altar of Xom.
  8972 | D:6      | Found a shimmering altar of Xom.
  8979 | D:6      | Found a radiant altar of Vehumet.
  8980 | D:6      | Found a shimmering altar of Xom.
  8980 | D:6      | Found a shimmering altar of Xom.
  8982 | D:6      | Found a shimmering altar of Xom.
  8983 | D:6      | Found a shimmering altar of Xom.
  9005 | D:6      | Became a worshipper of Vehumet
  9817 | D:6      | Found an ancient bone altar of Kikubaaqudgha.
 10024 | D:7      | Noticed Duvessa
 10027 | D:7      | Killed Duvessa
 10027 | D:7      | Noticed Dowan
 10093 | D:7      | Killed Dowan
 10094 | D:7      | Reached skill level 5 in Conjurations
 10094 | D:7      | Reached XP level 9. HP: 49/50 MP: 14/17
 10253 | D:5      | Reached skill level 5 in Spellcasting
 10430 | D:5      | Killed Ekaitz's ghost
 10431 | D:5      | Reached skill level 5 in Long Blades
 11012 | D:7      | Found Comum's Magic Scroll Shoppe.
 11021 | D:7      | Bought a scroll of identify for 24 gold pieces
 11021 | D:7      | Bought a scroll of identify for 24 gold pieces
 11021 | D:7      | Bought a scroll of identify for 24 gold pieces
 11021 | D:7      | Bought a scroll of identify for 24 gold pieces
 11246 | D:7      | Reached skill level 8 in Air Magic
 11251 | D:7      | HP: 1/50 [centaur/arrow (4)]
 11252 | D:7      | Shot with an arrow by a centaur

Illustrated notes

Levels and vault maps discovered:
D:1:      roderic_octagonal_star, layout_loops_corners,
          shapermc_ecumenical_altar_ellora
D:2:      layout_rooms, uniq_jessica, uniq_terence
D:3:      layout_basic, mainiacjoe_overflow_small_starburst, lemuel_tele_altar,
          grunt_ministairs_5, amcnicky_mini_pool_small, minmay_liquid_box,
          minmay_goblin_kobold_house
D:4:      layout_loops_ring, nicolae_dithmenos_the_darkroom,
          nicolae_hepliaklqana_hippocampus, minmay_misc_feat_tower
D:5:      layout_loops_cross, nicolae_overflow_crystal_walls, temple_pool_b,
          gammafunk_ghost_icy
D:6:      layout_basic, xom_redecorated, eat_drink_and_be_merry_uskayaw,
          nicolae_overflow_hidden_temple, lemuel_crystal_altar
D:7:      layout_basic, mainiacjoe_overflow_large_starburst,
          kennysheep_little_box, serial_shops, shop,
          chequers_serial_rivers_small_3, minmay_misc_feat_columns,
          centaur_isle, uniq_duvessa
Temple:   corrupted_temple

Skill      XL: |  1  2  3  4  5  6  7  8  9 |
---------------+----------------------------+-----
Conjurations   | 2 3 4 5 6 |  6.0
Air Magic      | 5 6 7 8 |  8.0
Spellcasting   | 3 4 5 |  5.2
Fighting       | 1 2 3 |  3.0
Dodging        | 3 4 |  4.6
Long Blades    | 2 4 5 |  5.3
Evocations     | 1 3 |  3.3
Bows           | |  0.5
Stealth        | |  2.6
Necromancy     | |  0.7
Fire Magic     | |  0.3

Action                   |  1- 3 |  4- 6 |  7- 9 || total
-------------------------+-------+-------+-------++-------
Melee: Short sword       |     9 |     9 |       ||    18
       Peck              |     2 |     1 |     6 ||     9
       Kick              |       |     5 |     4 ||     9
       Falchion          |       |    10 |     3 ||    13
       Trident           |       |     3 |       ||     3
 Cast: Shock             |    40 |    76 |    88 ||   204
       Static Discharge  |     5 |    29 |    47 ||    81
       Airstrike         |       |     4 |     7 ||    11
Evoke: Wand              |       |     1 |       ||     1
  Use: Scroll            |       |       |     7 ||     7
       Potion            |       |       |     1 ||     1
Armor: Robe              |     3 |    10 |    12 ||    25
Dodge: Dodged            |    13 |    29 |    54 ||    96
Block: Other             |       |    10 |    17 ||    27
       Reflection        |       |     2 |     6 ||     8
       Rpst.: Falchion   |       |     3 |    13 ||    16
